 Dungeon Crawl Stone Soup version 0.29-a0-559-g359e09b9d1 (webtiles) character file.

Game seed: 16414855250870849923

10274 grumblor the Fighter (level 11, -4/92 HPs)
             Began as a Mummy Fighter on June 10, 2022.
             Was an Initiate of Gozag.
             Slain by Lodul
             ... wielding a +0 dire flail
              (10 damage)
             ... on level 10 of the Dungeon.
             The game lasted 00:22:32 (11100 turns).

grumblor the Fighter (Mummy Fighter)               Turns: 11100, Time: 00:22:33

Health: -4/92      AC: 26    Str: 28    XL:     11   Next: 34%
Magic:  11/11      EV: 11    Int:  7    God:    Gozag
Gold:   451        SH:  9    Dex: 11    Spells: 10/10 levels left

rFire   . . .      SeeInvis +   a - +3 war axe (protect)
rCold   + + .      Faith    .   c - +0 buckler
rNeg    + + +      Spirit   .   k - +1 plate armour
rPois   ∞          Reflect  +   (no helmet)
rElec   .          Harm     .   h - +1 cloak
rCorr   .          Rampage  .   s - +1 pair of gloves {Str+3}
Will    ++...                   u - +0 pair of boots
Stlth   ..........              r - amulet of reflection
HPRegen 0.25/turn               j - ring of Generosity {rF+ rC+ Will+ SInv}
MPRegen 0.12/turn               w - +4 ring of evasion

@: gold aura, under a protective aura
A: cold resistance 1, negative energy resistance 3, torment resistance 2, heat
vulnerability 1, in touch with death 1, no potions
a: Renounce Religion, Potion Petition, Call Merchant, Bribe Branch


You were on level 10 of the Dungeon.
You worshipped Gozag.
Gozag was aware of your devotion.
You visited 2 branches of the dungeon, and saw 11 of its levels.

You collected 925 gold pieces.
You spent 247 gold pieces at shops.
You paid 227 gold pieces to Gozag.

Inventory:

Hand Weapons
 a - a +3 war axe of protection (weapon)
Missiles
 e - 3 curare-tipped darts (quivered)
 f - 3 boomerangs
 i - 26 poisoned darts
Armour
 c - a +0 buckler (worn)
 h - a +1 cloak (worn)
 k - a +1 plate armour (worn)
 s - a +1 pair of gloves of strength (worn)
 u - a +0 pair of boots (worn)
 v - a scarf of repulsion
Jewellery
 j - the ring of Generosity (left hand) {rF+ rC+ Will+ SInv}
   (You acquired it on level 8 of the Dungeon)

   [ring of willpower]

   rF:        It protects you from fire.
   rC:        It protects you from cold.
   SInv:      It lets you see invisible.
   Will:      It increases your willpower.
 r - an amulet of reflection (around neck)
 w - a +4 ring of evasion (right hand)
Wands
 b - a wand of paralysis (18)
 n - a wand of flame (27)
Scrolls
 d - a scroll of fear
 o - a scroll of torment
 p - a scroll of poison
 t - a scroll of teleportation
 x - a scroll of enchant weapon


   Skills:
 * Level 10.7 Fighting
 - Level 8.0 Axes
 - Level 2.0 Throwing
 + Level 6.5 Armour
 - Level 2.0 Dodging
 - Level 4.0 Shields
 - Level 6.0 Evocations


You had 10 spell levels left.
You didn't know any spells.
Your spell library contained the following spells:

 Spells                   Type           Power      Damage    Failure   Level
 Apportation              Tloc           0%         N/A       99%         1
 Necrotize                Necr           0%         1d4       99%         1
 Summon Small Mammal      Summ           0%         N/A       99%         1
 Call Canine Familiar     Summ           0%         N/A       100%        3
 Portal Projectile        Hex/Tloc       0%         N/A       100%        3
 Leda's Liquefaction      Hex/Erth       0%         N/A       100%        4
 Summon Forest            Summ/Tloc      0%         N/A       100%        5
 Summon Mana Viper        Hex/Summ       0%         N/A       100%        5
 Summon Cactus Giant      Summ           0%         N/A       100%        6


Dungeon Overview and Level Annotations

Branches:
Dungeon (10/15)            Temple (0/1) D:4            Lair (0/6) D:8
    Orc (1/2) D:9

Altars:
Dithmenos
Fedhas
Gozag
Kikubaaqudgha
Qazlal
Ru
Trog
Xom

Shops:
D:5 (   D:6 (   D:8 [

Annotations:
D:10 Lodul


Innate Abilities, Weirdness & Mutations

You are immune to poison.
Your flesh is cold resistant. (rC+)
You are immune to negative energy. (rN+++)
You are immune to unholy pain and torment.
You are vulnerable to heat. (rF-)
You are in touch with the powers of death.
You do not drink.


Message History

The ogre is distracted by your dazzling golden aura.
The ogre shouts!
You hit the ogre.
The ogre is severely wounded.
Lodul is no longer distracted by gold.
The ogre is no longer distracted by gold.
The ogre hits you with a +0 giant spiked club!!
You slash the ogre!
You kill the ogre!
Aiming: Paralyse
Press: ? - help, Shift-Dir - straight line, f/p - Lodul
Aim: Lodul, wielding a +0 dire flail (moderately wounded, chance to affect: 47%) Lodul resists with some effort.
The ogre is no longer distracted by gold.
The ogre is distracted by your dazzling golden aura.
Lodul is distracted by your dazzling golden aura.
The ogre is distracted by your dazzling golden aura.
Unknown command.
Lodul shouts!
The ogre shouts!
You hit Lodul but do no damage.
Lodul is no longer distracted by gold.
Lodul is moderately wounded.
Lodul hits you with a +0 dire flail!
Aiming: Paralyse
Press: ? - help, Shift-Dir - straight line, f/p - Lodul
Aim: Lodul, wielding a +0 dire flail (moderately wounded, chance to affect: 47%) Lodul resists with some effort.
Lodul hits you with a +0 dire flail!!
* * * LOW HITPOINT WARNING * * *
Aiming: Paralyse
Press: ? - help, Shift-Dir - straight line, f/p - Lodul
Aim: Lodul, wielding a +0 dire flail (moderately wounded, chance to affect: 47%) Lodul resists with some effort.
The ogre is no longer distracted by gold. x2
Aiming: Paralyse
Press: ? - help, Shift-Dir - straight line, f/p - Lodul
Aim: Lodul, wielding a +0 dire flail (moderately wounded, chance to affect: 47%) Lodul resists with some effort.
The ogre is distracted by your dazzling golden aura. x2
Lodul hits you with a +0 dire flail!
You die...
Your body crumbles into a pile of gold.

........##....'.........#..'.....
........#######.........'.##.....
........# #.........####.....
######### ########'## #.....
##.....# #..... #..##### ###+##
##.## #..# #@## #O#


OOO ..O$. ....... ......... #.......... ###._8_..### You could see Lodul and 4
ogres.

Vanquished Creatures
  2 two-headed ogres
  An orc sorcerer (Orc:1)
  Joseph (D:7)
  3 kobold demonologists (D:9)
  Psyche (D:10)
  A troll (D:9)
  Grinder (D:6)
  A slime creature (D:8)
  A wyvern (D:8)
  14 yaks
  2 steam dragons
  2 wargs (Orc:1)
  2 water moccasins (D:8)
  3 black bears
  2 sky beasts (D:7)
  5 orc warriors
  An ice beast (D:5)
  6 ogres
  A centaur (D:7)
  4 kobold brigands
  3 bullfrogs
  5 scorpions
  4 necrophages
  A wight (D:8)
  4 killer bees (D:9)
  2 howler monkeys
  A hound (D:4)
  A jelly (D:7)
  3 gnoll shamans
  4 orc priests
  3 iguanas
  7 orc wizards
  11 adders
  22 gnolls
  2 shadow imps
  2 white imps (D:6)
  2 ufetubi
  6 worms
  5 dart slugs
  26 orcs
  5 bats
  7 endoplasms
  5 giant cockroaches
  6 goblins
  8 hobgoblins
  2 jackals (D:2)
  4 quokkas (D:3)
  8 ball pythons
  3 frilled lizards
  20 kobolds
  6 rats
  A spectral hobgoblin (D:1)
243 creatures vanquished.

Vanquished Creatures (others)
  A plant (D:4)
1 creature vanquished.

Grand Total: 244 creatures vanquished

Notes
Turn   | Place    | Note
-------+----------+-------------------------------------------
     0 | D:1      | grumblor the Mummy Fighter began the quest for the Orb.
     0 | D:1      | Reached XP level 1. HP: 18/18 MP: 1/1
   317 | D:1      | Reached XP level 2. HP: 15/24 MP: 2/2
   804 | D:1      | Found a faded altar of an unknown god.
  1396 | D:2      | Gained mutation: You are in touch with the powers of death.
                  | [Mummy growth]
  1396 | D:2      | Reached XP level 3. HP: 27/30 MP: 3/3
  1871 | D:2      | Reached skill level 4 in Fighting
  1871 | D:2      | Reached skill level 1 in Dodging
  1876 | D:2      | Reached XP level 4. HP: 29/37 MP: 4/4
  2348 | D:3      | Found a stormy altar of Qazlal.
  2490 | D:3      | Reached XP level 5. HP: 37/43 MP: 5/5
  2836 | D:3      | Found a shimmering altar of Xom.
  3094 | D:4      | You fall into a shaft and drop 2 floors!
  3097 | D:6      | Noticed a black bear
  3108 | D:6      | Killed a black bear
  3109 | D:6      | Reached XP level 6. HP: 33/49 MP: 6/6
  3259 | D:6      | Reached skill level 1 in Evocations
  3540 | D:6      | Reached skill level 5 in Fighting
  3540 | D:6      | Reached XP level 7. HP: 34/56 MP: 7/7
  3694 | D:6      | Found Rubysh Unoos's Antique Weapon Shop.
  3937 | D:6      | Noticed Grinder
  3939 | D:6      | Paralysed by Grinder for 2 turns
  3949 | D:6      | Paralysed by Grinder for 5 turns
  3957 | D:6      | Killed Grinder
  4341 | D:5      | Entered Level 5 of the Dungeon
  4372 | D:5      | Reached skill level 5 in Axes
  4386 | D:4      | Found a blossoming altar of Fedhas.
  4386 | D:4      | Found an ancient bone altar of Kikubaaqudgha.
  4517 | D:4      | Reached XP level 8. HP: 56/63 MP: 8/8
  4638 | D:4      | Found a staircase to the Ecumenical Temple.
  5490 | D:5      | Found Cebiz's Weapon Emporium.
  5522 | D:5      | Reached skill level 6 in Fighting
  5759 | D:7      | Noticed Joseph
  5775 | D:7      | Killed Joseph
  5776 | D:7      | Reached XP level 9. HP: 45/71 MP: 9/9
  6401 | D:7      | Found a sacrificial altar of Ru.
  6548 | D:7      | Reached skill level 1 in Throwing
  6901 | D:8      | Found a staircase to the Lair.
  6998 | D:8      | Found Dyamiret's Armour Shop.
  7018 | D:8      | Reached skill level 7 in Fighting
  7250 | D:8      | Bought a +1 pair of gloves of strength for 247 gold pieces
  7272 | D:8      | Noticed a two-headed ogre
  7575 | D:8      | Found an opulent altar of Gozag.
  7628 | D:8      | Killed a two-headed ogre
  7629 | D:8      | Reached XP level 10. HP: 74/79 MP: 10/10
  7735 | D:9      | Noticed a five-headed hydra
  8073 | D:8      | Reached skill level 8 in Fighting
  8073 | D:8      | Reached skill level 5 in Armour
  8222 | D:8      | Reached skill level 5 in Evocations
  8678 | D:9      | Reached skill level 9 in Fighting
  8981 | D:8      | Became a worshipper of Gozag Ym Sagoz the Greedy
  9150 | D:9      | Found a staircase to the Orcish Mines.
  9759 | D:8      | Identified a scroll of acquirement
  9760 | D:8      | Acquired the ring of Generosity {rF+ rC+ Will+ SInv}
  9942 | D:8      | Reached XP level 11. HP: 90/90 MP: 11/11
 10078 | Orc:1    | Entered Level 1 of the Orcish Mines
 10227 | Orc:1    | Noticed an orc sorcerer
 10233 | Orc:1    | Killed an orc sorcerer
 10234 | Orc:1    | Reached skill level 10 in Fighting
 10235 | Orc:1    | Noticed a two-headed ogre
 10243 | Orc:1    | Noticed an orc knight
 10609 | D:10     | Entered Level 10 of the Dungeon
 10626 | D:10     | Noticed a two-headed ogre
 10636 | D:10     | Killed a two-headed ogre
 10662 | D:10     | Noticed Psyche
 10669 | D:10     | Killed Psyche
 10820 | D:9      | Noticed a tengu warrior
 11074 | D:10     | Found a bloodstained altar of Trog.
 11074 | D:10     | Found a shadowy altar of Dithmenos.
 11074 | D:10     | Noticed Lodul
 11100 | D:10     | Slain by Lodul

Illustrated notes

Levels and vault maps discovered:
D:1:      lightli_arrival_flooded_house, layout_basic,
          dreamdust_ecumenical_altar_drowned_temple, roderic_lattice_a
D:2:      layout_loops_ring
D:3:      layout_rooms, nicolae_overflow_crystal_walls, xom_teletrap_fun,
          nicolae_underground_beach
D:4:      layout_loops_cross, grunt_temple_overflow_growth_and_decay,
          minmay_temple_entry_statues, minmay_cupped
D:5:      minmay_skewed_foursquare, layout_cave_pools, serial_shops,
          nicolae_shop_trees, st_stairs_4
D:6:      layout_loops_cross, serial_shops, shop, cheibrodos_sewer_entry_bend,
          uniq_grinder
D:7:      layout_loops_cross, mainiacjoe_overflow_brackets, uniq_joseph
D:8:      layout_basic, nicolae_overflow_hidden_temple, lair_entry_dummy,
          serial_shops, nicolae_diamond_shop, minmay_fractal_squares_gapless_5
D:9:      cheibrodos_elevator_heist, layout_long_grid, orc_0_dummy,
          lemuel_flamethrower_2
D:10:     layout_roguey, chequers_temple_overflow_statue_of_worship,
          enter_trove_5, minivault_11, uniq_lodul, uniq_psyche
Orc:1:    layout_caves, nicolae_alphabet_shops, elf_legates

Skill      XL: |  1  2  3  4  5  6  7  8  9 10 11 |
---------------+----------------------------------+-----
Axes           | 2 3 4 5 6 8 |  8.0
Fighting       | 4 5 6 7 9 10 | 10.7
Dodging        | 1 2 |  2.0
Evocations     | 1 2 3 4 5 6 |  6.0
Armour         | 3 4 5 6 |  6.5
Throwing       | 2 |  2.0
Shields        | 3 4 |  4.0

Action                   |  1- 3 |  4- 6 |  7- 9 | 10-12 || total
-------------------------+-------+-------+-------+-------++-------
Melee: War axe           |    97 |   139 |   308 |   247 ||   791
Throw: Boomerang         |       |     5 |     1 |     5 ||    11
       Dart              |       |       |    10 |     9 ||    19
       Javelin           |       |       |       |     4 ||     4
Evoke: Wand              |       |       |       |    13 ||    13
  Use: Scroll            |     1 |     7 |     9 |     3 ||    20
 Stab: Distracted        |       |       |       |     2 ||     2
Armor: Scale mail        |    37 |       |       |       ||    37
       Chain mail        |     6 |    49 |       |       ||    55
       Plate armour      |       |    62 |   222 |   112 ||   396
Dodge: Dodged            |    38 |    46 |    94 |    93 ||   271
Block: Buckler           |    20 |    37 |    84 |   116 ||   257
       Reflection        |       |       |       |     1 ||     1

Table legend: (Time is in decaauts)
 A = Elapsed time spent in this place.
 B = Non-inter-level travel time spent in this place.
 C = Inter-level travel time spent in this place.
 D = Time resting spent in this place.
 E = Time spent auto-exploring this place.
 F = Levels seen in this place.
 G = Mean time per level.
                   A        B        C        D        E       F      G
               +--------+--------+--------+--------+--------+-----+--------+
         Total |  11318 |  10814 |    504 |   1217 |   7483 |  11 | 1028.9 |
       Dungeon |  11116 |  10613 |    503 |   1217 |   7383 |  10 | 1111.6 |
  Orcish Mines |    201 |    201 |      0 |      0 |    100 |   1 |  201.0 |
               +--------+--------+--------+--------+--------+-----+--------+

Top non-repeatable levels by time:
     D:8: 2257 daAuts
     D:6: 1426 daAuts
     D:1: 1399 daAuts
     D:9: 1368 daAuts
     D:7: 1147 daAuts
     D:2: 931 daAuts
     D:4: 757 daAuts
     D:3: 685 daAuts
     D:5: 653 daAuts
    D:10: 489 daAuts
   Orc:1: 201 daAuts
